 Dungeon Crawl Stone Soup version 0.27.0-1-g7a089689b8 (webtiles) character file.

Game seed: 17057216356406325502

1700 dtburroughs the Skirmisher (level 8, -2/73 HPs)
             Began as a Minotaur Berserker on Aug 6, 2021.
             Was an Elder of Trog.
             Killed from afar by an orc wizard (6 damage)
             ... with a puff of flame
             ... on level 6 of the Dungeon.
             The game lasted 00:10:04 (6761 turns).

dtburroughs the Skirmisher (Minotaur Berserker)     Turns: 6761, Time: 00:10:05

Health: -2/73      AC: 11    Str: 22    XL:     8   Next: 73%
Magic:  7/7        EV: 10    Int:  6    God:    Trog [****..]
Gold:   372        SH:  0    Dex: 10    Spells: 7/7 levels left

rFire    . . .     SeeInvis .   a - +0 hand axe
rCold    + . .     Faith    .   (no shield)
rNeg     . . .     Spirit   .   x - +0 chain mail
rPois    .         Reflect  .   (helmet restricted)
rElec    .         Harm     .   c - +0 cloak
rCorr    .         Rampage  .   (no gloves)
Will     .....                  (no boots)
Stlth    ..........             (no amulet)
HPRegen  0.22/turn              d - ring of protection from cold
MPRegen  0.10/turn              (no ring)

@: on berserk cooldown, slowed, very slow
A: horns 2, retaliatory headbutt
a: Renounce Religion, Berserk, Trog's Hand, Brothers in Arms


You were on level 6 of the Dungeon.
You worshipped Trog.
Trog was greatly pleased with you.
You visited 1 branch of the dungeon, and saw 6 of its levels.

You collected 372 gold pieces.

Inventory:

Hand Weapons
 a - a +0 hand axe (weapon)
 p - a +0 flail
Armour
 c - a +0 cloak (worn)
 q - a +1 ring mail of fire resistance
 x - a +0 chain mail (worn)
Jewellery
 d - a ring of protection from cold (left hand)
Wands
 u - a wand of iceblast (6)
Scrolls
 h - 6 scrolls of identify {unknown}
 i - a scroll of immolation {unknown}
 j - a scroll of torment {unknown}
 n - 2 scrolls of amnesia {unknown}
 o - 5 scrolls of teleportation {unknown}
 t - a scroll of vulnerability {unknown}
 y - a scroll of noise {unknown}
 z - 2 scrolls of fog {unknown}
Potions
 b - 2 potions of invisibility {unknown}
 e - 2 potions of haste {unknown}
 f - a potion of heal wounds {unknown}
 g - a potion of ambrosia {unknown}
 k - 2 potions of curing {unknown}
 l - 2 potions of might {unknown}
 m - 2 potions of flight {unknown}
 r - 2 potions of attraction {unknown}
 s - a potion of lignification {unknown}
 v - 2 potions of brilliance {unknown}
 w - 2 potions of degeneration {unknown}


   Skills:
 + Level 7.4 Fighting
 + Level 7.3 Axes
 + Level 6.8 Armour
 + Level 6.2 Dodging
 + Level 2.5 Evocations


You had 7 spell levels left.
You didn't know any spells.
Your spell library was empty.

Dungeon Overview and Level Annotations

Branches:
Dungeon (6/15)             Temple (0/1) D:6

Altars:
Wu Jian

Shops:
D:4 ?

Annotations:
D:6 3 runed translucent doors, ZARRMARR's ghost, novice HOMo


Innate Abilities, Weirdness & Mutations

You have a pair of horns on your head.
You reflexively headbutt those who attack you in melee.


Message History

The orc warrior hits you from afar with a +0 halberd!
You barely miss something.
You hear some strange, mumbled words.
A puff of flame appears from out of thin air!
The puff of flame hits you!
* * * LOW HITPOINT WARNING * * *
The orc warrior hits you from afar with a +0 halberd.
* * * LOW HITPOINT WARNING * * *
You barely miss something. Something hits you but does no damage.
The orc warrior hits you from afar with a +0 halberd!
* * * LOW HITPOINT WARNING * * *
You miss something. You headbutt something. You miss something.
Something hits you but does no damage. The orc warrior closely misses you.
The orc throws a boomerang.
The boomerang completely misses you.
You miss something. You headbutt something! Trog accepts your kill.
Trog appreciates your killing of a magic user.
Reactivating autopickup.
You feel a bit more experienced.
The orc warrior hits you from afar with a +0 halberd!
* * * LOW HITPOINT WARNING * * *
The orc hits you but does no damage.
Things that are here:
a +0 dagger; a +0 robe You slash the orc warrior!
You headbutt the orc warrior!!
You kill the orc warrior!
Trog accepts your kill.
You barely miss the orc.
Things that are here:
a +0 halberd; a +0 chain mail You feel a strong urge to attack something.
You are no longer berserk.
You are exhausted.
You feel yourself slow down.
The orc throws a boomerang.
The boomerang closely misses you.
A puff of flame appears from out of thin air!
Deactivating autopickup; reactivate with Ctrl-A.
The puff of flame hits you.
You die...

### ...#. #.. #..#.#..#.# #
#.# # #...#...+.###.##.##.#
#.(....5+..##.......# ###
#.:.#.!S+..# #@######....
#..#.#Wl#..### #.........!.
#.5...Sh#....###..###......
#########........{o........
.............##.#)#o.......
#####...#######.#.#.#......
#....... #.#.#.#......
#...#### #.#......####
#...# #.###.#.##


You could see an orc wizard and an orc.

Vanquished Creatures
  Pikel (D:4)
  A sky beast (D:6)
  An orc warrior (D:6)
  An ogre (D:4)
  A phantom (D:4)
  Blork the orc (D:5)
  2 scorpions (D:4)
  A water moccasin zombie (D:5)
  A centaur skeleton (D:5)
  A gnoll shaman (D:5)
  An orc priest (D:4)
  2 bullfrog skeletons (D:6)
  3 iguanas
  2 orc wizards
  A hound skeleton (D:5)
  A howler monkey zombie (D:5)
  7 gnolls
  10 adders
  A white imp (D:5)
  3 adder skeletons (D:4)
  4 worms
  10 dart slugs
  16 orcs
  10 endoplasms
  7 giant cockroaches
  9 goblins
  6 hobgoblins
  11 jackals
  7 kobolds
  9 quokkas
  7 ball pythons
  2 frilled lizards
  5 rats
145 creatures vanquished.

Vanquished Creatures (others)
  3 demonic plants (D:1)
  A fungus (D:1)
  A withered plant (D:1)
5 creatures vanquished.

Grand Total: 150 creatures vanquished

Notes
Turn   | Place    | Note
-------+----------+-------------------------------------------
     0 | D:1      | dtburroughs the Minotaur Berserker began the quest for the
                  | Orb.
     0 | D:1      | Reached XP level 1. HP: 19/19 MP: 0/0
   124 | D:1      | Reached XP level 2. HP: 27/27 MP: 1/1
   425 | D:1      | Found a faded altar of an unknown god.
   508 | D:1      | Reached XP level 3. HP: 20/33 MP: 2/2
  1166 | D:2      | Reached ** piety under Trog
  1175 | D:2      | Reached XP level 4. HP: 16/41 MP: 3/3
  2273 | D:2      | Reached XP level 5. HP: 47/47 MP: 4/4
  3004 | D:3      | Reached skill level 5 in Fighting
  3139 | D:3      | Reached skill level 5 in Axes
  3320 | D:3      | Reached *** piety under Trog
  3419 | D:3      | Reached XP level 6. HP: 9/56 MP: 5/5
  3419 | D:3      | HP: 2/84 [gnoll (7)]
  4311 | D:4      | Found Iwagg's Magic Scroll Boutique.
  4338 | D:4      | Noticed Pikel
  4351 | D:4      | Killed Pikel
  4352 | D:4      | Reached skill level 5 in Armour
  4352 | D:4      | Reached skill level 5 in Dodging
  4352 | D:4      | Reached XP level 7. HP: 39/64 MP: 6/6
  5219 | D:4      | Reached skill level 1 in Evocations
  5219 | D:4      | Reached XP level 8. HP: 23/71 MP: 7/7
  5812 | D:5      | Entered Level 5 of the Dungeon
  6034 | D:5      | Noticed Blork the orc
  6045 | D:5      | Killed Blork the orc
  6366 | D:5      | Found an ornate altar of the Wu Jian Council.
  6491 | D:6      | Found a staircase to the Ecumenical Temple.
  6526 | D:6      | Reached **** piety under Trog
  6692 | D:6      | Found a runed translucent gate.
  6692 | D:6      | Found a runed translucent gate.
  6694 | D:6      | Found a runed translucent gate.
  6694 | D:6      | Noticed ZARRMARR's ghost (novice HOMo)
  6755 | D:6      | HP: 5/109 [orc warrior (9)]
  6761 | D:6      | Killed from afar by an orc wizard

Illustrated notes

Levels and vault maps discovered:
D:1:      psy_arrival_fountain, layout_loops_ring, shapermc_ecumenical_altar_gd,
          minmay_tetromino_t2
D:2:      layout_rooms
D:3:      kennysheep_slugbush, layout_loops_ring, gup_sewer_entry_pipe
D:4:      kennysheep_six_static_rooms, layout_layer_cave, serial_shops, shop,
          minmay_misc_feat_alley, uniq_pikel
D:5:      layout_basic, mainiacjoe_overflow_concentric_impassable,
          kennysheep_generic_room_5, uniq_blork_the_orc
D:6:      layout_loops_cross, minmay_temple_entry_statues,
          gammafunk_ghost_split, kennysheep_generic_room_10, uniq_edmund

Skill      XL: |  1  2  3  4  5  6  7  8 |
---------------+-------------------------+-----
Axes           | 4 5 6 7 |  7.3
Fighting       | 4 5 6 7 |  7.4
Armour         | 3 4 5 6 |  6.8
Dodging        | 3 5 6 |  6.2
Evocations     | 1 2 |  2.5

Action                   |  1- 3 |  4- 6 |  7- 9 || total
-------------------------+-------+-------+-------++-------
Melee: Hand axe          |    67 |   174 |   119 ||   360
       Headbutt          |     9 |    27 |    27 ||    63
Invok: Berserk           |     1 |     3 |     3 ||     7
       Trog's Hand       |       |     2 |       ||     2
 Stab: Sleeping          |     1 |     1 |       ||     2
Armor: Animal skin       |    14 |    23 |       ||    37
       Scale mail        |       |    19 |    19 ||    38
       Chain mail        |       |       |    51 ||    51
Dodge: Dodged            |    40 |   103 |    52 ||   195
